 Dungeon Crawl Stone Soup version 0.29-a0-451-gfbfa42419e (webtiles) character file.

Game seed: 15761050932515385834

7 spiderkeys the Ducker (level 1, 0/11 HPs)
             Began as a Spriggan Abyssal Knight on May 20, 2022.
             Was a Believer of Lugonu.
             Frozen to death by an endoplasm (5 damage)
             ... on level 1 of the Dungeon.
             The game lasted 00:00:19 (215 turns).

spiderkeys the Ducker (Spriggan Abyssal Knight)      Turns: 215, Time: 00:00:20

Health: 0/11       AC:  2    Str:  9    XL:     1   Next: 83%
Magic:  3/3        EV: 14    Int: 11    God:    Lugonu [**....]
Gold:   59         SH:  0    Dex: 15    Spells: 0/0 levels left

rFire   . . .      SeeInvis +   a - +1 short sword
rCold   . . .      Faith    .   (no shield)
rNeg    . . .      Spirit   .   b - +0 robe
rPois   .          Reflect  .   (helmet restricted)
rElec   .          Harm     .   (no cloak)
rCorr   .          Rampage  .   (gloves unavailable)
Will    .....                   (boots unavailable)
Stlth   ++........              (no amulet)
HPRegen 0.03/turn               (no ring)
MPRegen 0.08/turn               (no ring)

@: constricted, very quick
A: very small, no large weapons, unfitting armour, see invisible, speed 3
a: Renounce Religion, Depart the Abyss, Bend Space


You were on level 1 of the Dungeon.
You worshipped Lugonu.
Lugonu was pleased with you.
You visited 1 branch of the dungeon, and saw 1 of its levels.
You visited the Abyss 1 time.

You collected 59 gold pieces.


Innate Abilities, Weirdness & Mutations

You are very small and have problems with some larger weapons.
You are too small for most types of armour.
You have supernaturally acute eyesight. (SInv)
You cover ground extremely quickly. (Speed+++)


   Skills:
 + Level 2.5 Fighting
 + Level 2.3 Short Blades
 + Level 3.3 Dodging
 + Level 0.9 Stealth
 + Level 1.9 Invocations


You couldn't memorise any spells.
You didn't know any spells.
Your spell library was empty.

Inventory:

Hand Weapons
 a - a +1 short sword (weapon)
Armour
 b - a +0 robe (worn)
 h - a +0 robe
   (You found it on level 1 of the Dungeon)
Scrolls
 c - a scroll of enchant weapon {unknown}
 f - 2 scrolls of teleportation {unknown}
Potions
 d - a potion of curing {unknown}
 e - a potion of degeneration {unknown}
 g - 2 potions of lignification {unknown}

Dungeon Overview and Level Annotations

Branches:
Dungeon (1/15)

Altars:

#.................†.
##.............###...
##...........#..#
#...
#............####
#... #..........###
#### #..........#
#....?.....#
#..........##
##...@.......
#....JS....##
#..........#
#..........#
#..........#
#..........#
##........##
##......##


You could see an endoplasm and a ball python.


Message History

MASSIVE DAMAGE!! (PAUSE)
You are too injured to fight recklessly!
You are too injured to fight recklessly!
You are too injured to fight recklessly!
You hit the dart slug.
You kill the dart slug!
Lugonu accepts your kill. 😕 HP[+1]
You completely miss the rat. The rat misses you.
You hit the rat.
You kill the rat!
Lugonu accepts your kill.
You see here a dart slug corpse.
A bat comes into view.
A bat is nearby!
The bat misses you.
You hit the bat. The bat barely misses you. The bat hits you. 😮 HP[-1]
You take 1 damage, and now have 8/11 hp.
You are too injured to fight recklessly!
You are too injured to fight recklessly!
You are too injured to fight recklessly!
You are too injured to fight recklessly!
You are too injured to fight recklessly!
You are too injured to fight recklessly!
You hit the bat.
You kill the bat!
Lugonu accepts your kill.
You now have 36 gold pieces (gained 19).
You see here a bat corpse.
Key pressed, stopping explore.
Key pressed, stopping explore.
d - a fuming silvery potion 😎 HP[+3]
Your hp is fully restored (11).
You see here a dart slug corpse.
e - a smoky golden potion You now have 50 gold pieces (gained 14).
f - 2 scrolls labelled NEROOR TAADO
g - 2 brown potions A hobgoblin comes into view.
The hobgoblin shouts!
There is a stone staircase leading down here.
A hobgoblin is nearby!
The hobgoblin closely misses you.
You hit the hobgoblin.
You kill the hobgoblin!
Lugonu accepts your kill.
No target in view!
No target in view!
No target in view!
h - a +0 robe Key pressed, stopping explore.
You now have 59 gold pieces (gained 9).
A ball python comes into view.
A ball python is nearby!
A ball python is nearby!
An endoplasm comes into view.
You see here a scroll labelled ILONUGH PIOWYNN.
A ball python comes into view.
The ball python hisses angrily.
The endoplasm quivers.
You barely miss the ball python. The ball python completely misses you.
The ball python grabs you. The ball python constricts you.
You barely miss the ball python. The ball python barely misses you.
The ball python constricts you.
You closely miss the ball python.
The ball python hisses angrily.
The ball python bites you. The ball python constricts you.
The ball python closely misses you.
The ball python constricts you. 😮 HP[-3]
You take 3 damage, and now have 8/11 hp.
MASSIVE DAMAGE!! (PAUSE)
You hit the ball python.
You kill the ball python!
Lugonu accepts your kill. The ball python barely misses you.
The ball python grabs you.
The ball python constricts you. 😮 HP[-1]
You take 1 damage, and now have 7/11 hp.
You barely miss the endoplasm. The ball python barely misses you.
The ball python constricts you. The endoplasm hits you. 😮 HP[-1]
You take 1 damage, and now have 6/11 hp.
You hit the endoplasm but do no damage. The ball python barely misses you.
The ball python constricts you.
* * * LOW HITPOINT WARNING * * *
The endoplasm hits you but does no damage. 😨 HP[-1]
You take 1 damage, and now have 5/11 hp.
You hit the endoplasm. The ball python barely misses you.
The ball python constricts you. The endoplasm barely misses you.
The ball python closely misses you. The ball python constricts you.
You hit the endoplasm but do no damage. The endoplasm freezes you.
You are frozen.
You die...

Action                   || total
-------------------------++-------
Melee: Short sword       ||    18
Armor: Robe              ||     1
Dodge: Dodged            ||    16

Levels and vault maps discovered:
D:1:      minmay_arrival_diagonal_passages, layout_rooms,
          dilly_ecumenical_altar_fadedgnrine

Notes
Turn   | Place    | Note
-------+----------+-------------------------------------------
     0 | Abyss:1  | spiderkeys the Spriggan Abyssal Knight began the quest for
                  | the Orb.
     0 | Abyss:1  | Reached XP level 1. HP: 11/11 MP: 3/3
     0 | Abyss:1  | magus.rc [v1.11.3]
    23 | D:1      | You pass through the gate.
    23 | D:1      | Escaped the Abyss
   215 | D:1      | Frozen to death by an endoplasm

Vanquished Creatures
  A dart slug (D:1)
  A ball python (D:1)
  A hobgoblin (D:1)
  A bat (D:1)
  A rat (D:1)
5 creatures vanquished.

Table legend:
 A = Non-vault XP
 B = Vault XP
 C = Vault XP percentage of total XP
 D = Non-vault monster count
 E = Vault monster count
 F = Vault count percentage of total count
                 A         B        C        D         E       F
            +---------+---------+-------+---------+---------+-------
      Total |      10 |       0 |   0.0 |       5 |       0 |   0.0
            +---------+---------+-------+---------+---------+-------
        D:1 |      10 |       0 |   0.0 |       5 |       0 |   0.0
            +---------+---------+-------+---------+---------+-------

Illustrated notes

Table legend:
 A = Kills in this place as a percentage of kills in entire the game.
 B = Kills by you in this place as a percentage of kills by you in the entire game.
 C = Kills by friends in this place as a percentage of kills by friends in the entire game.
 D = Other kills in this place as a percentage of other kills in the entire game.
 E = Experience gained in this place as a percentage of experience gained in the entire game.
 F = Experience gained in this place divided by the number of levels of this place that you have seen.
                   A       B       C       D       E      F
               +-------+-------+-------+-------+-------+----------------------
         Total | 100.0 | 100.0 |   N/A |   N/A | 100.0 |   5.0
       Dungeon | 100.0 | 100.0 |   N/A |   N/A | 100.0 |  10.0
               +-------+-------+-------+-------+-------+----------------------

Table legend: (Time is in decaauts)
 A = Elapsed time spent in this place.
 B = Non-inter-level travel time spent in this place.
 C = Inter-level travel time spent in this place.
 D = Time resting spent in this place.
 E = Time spent auto-exploring this place.
 F = Levels seen in this place.
 G = Mean time per level.
                   A        B        C        D        E       F      G
               +--------+--------+--------+--------+--------+-----+--------+
         Total |    177 |    177 |      0 |      0 |    133 |   2 |   88.5 |
       Dungeon |    163 |    163 |      0 |      0 |    125 |   1 |  163.0 |
         Abyss |     14 |     14 |      0 |      0 |      8 |   1 |   14.0 |
               +--------+--------+--------+--------+--------+-----+--------+

Top non-repeatable levels by time:
     D:1: 163 daAuts
 Abyss:1: 14 daAuts
